 Dungeon Crawl Stone Soup version 0.26.1-11-gd32895ea62 (webtiles) character file.

Game seed: 152020392246790382

4454 Kukuleta the Covert (level 10, 0/69 HPs)
             Began as an Octopode Warper on July 2, 2021.
             Was a Priest of Dithmenos.
             Slain by a death yak (10 damage)
             ... on level 8 of the Dungeon on July 3, 2021.
             The game lasted 00:48:23 (10031 turns).

Kukuleta the Covert (Octopode Warper)              Turns: 10031, Time: 00:48:23

Health: 0/69       AC:  8    Str: 18    XL:     10   Next: 37%
Magic:  10/13      EV: 17    Int: 15    God:    Dithmenos [***...]
Gold:   320        SH:  0    Dex: 14    Spells: 1/13 levels left

rFire    . . .     SeeInvis +   i - +0 dagger (protect)
rCold    . . .     Faith    .   (no shield)
rNeg     + . .     Spirit   .   (helmet restricted)
rPois    .         Reflect  .   q - amulet of regeneration
rElec    .         Harm     .   f - ring of positive energy
rCorr    +         Rampage  .   x - ring of see invisible
Will     .....                  E - ring of stealth
Stlth    +++++++++.             F - ring of resist corrosion
HPRegen  0.61/turn              J - +6 ring of strength
MPRegen  0.13/turn              (no ring)
                                (no ring)
                                (no ring)

@: protection aura, wreathed by umbra
A: almost no armour, stealthy swim, amphibious, 8 rings, constrict 8, camouflage
1, gelatinous body 1
a: Renounce Religion, Shadow Step


You were on level 8 of the Dungeon.
You worshipped Dithmenos.
Dithmenos was most pleased with you.
You visited 2 branches of the dungeon, and saw 10 of its levels.

You collected 495 gold pieces.
You spent 175 gold pieces at shops.

Inventory:

Hand Weapons
 a - a +0 short sword
 i - a +0 dagger of protection (weapon)
 C - a +0 rapier
Missiles
 d - 5 boomerangs of dispersal (quivered)
 B - a boomerang
Jewellery
 f - a ring of positive energy (left tentacle)
 o - an uncursed ring of attention
 q - an amulet of regeneration (around mantle)
 s - an uncursed amulet of guardian spirit
 x - a ring of see invisible (right tentacle)
 E - a ring of stealth (on tentacle)
 F - a ring of resist corrosion (on tentacle)
 J - a +6 ring of strength (on tentacle)
 L - an uncursed amulet of magic regeneration
Wands
 v - a wand of digging (8)
 w - a wand of polymorph (7)
Scrolls
 b - 6 scrolls of teleportation
 c - a scroll of blinking
 e - a scroll of immolation {unknown}
 h - a scroll of vulnerability {unknown}
 j - a scroll of amnesia
 l - 3 scrolls of remove curse
 n - a scroll of enchant weapon {unknown}
 u - 3 scrolls of fear {unknown}
 y - a scroll of noise {unknown}
 D - a scroll of random uselessness {unknown}
 G - 2 scrolls of magic mapping {unknown}
 H - a scroll of enchant armour {unknown}
 M - 2 scrolls of identify
Potions
 g - 2 potions of resistance {unknown}
 k - a potion of haste
 p - 2 potions of cancellation {unknown}
 r - 3 potions of curing
 t - 2 potions of flight {unknown}
 z - 2 potions of invisibility {unknown}
 A - a potion of lignification {unknown}
 I - a potion of degeneration {unknown}
 K - a potion of ambrosia {unknown}


   Skills:
 + Level 6.5 Fighting
 + Level 7.1 Short Blades
 - Level 1.0 Throwing
 + Level 7.2 Dodging
 + Level 10.4 Stealth
 - Level 2.0 Spellcasting
 - Level 6.6 Translocations


You had one spell level left.
You knew the following spells:

 Your Spells              Type           Power        Failure   Level
a - Blink                 Tloc           N/A          2%          2
b - Gell's Gravitas       Tloc           10%          4%          3
c - Teleport Other        Tloc           21%          4%          3
d - Passage of Golubria   Tloc           N/A          14%         4

Your spell library contained the following spells:

 Spells                   Type           Power        Failure   Level
 Lesser Beckoning         Tloc           10%          4%          3


Dungeon Overview and Level Annotations

Branches:
Dungeon (9/15)             Temple (1/1) D:6            Lair (0/6) D:9
    Orc: D:9-12

Altars:
Ashenzari
Cheibriados
Dithmenos
Elyvilon
Fedhas
Gozag
Hepliaklqana
Kikubaaqudgha
Makhleb
Qazlal
Ru
Sif Muna
Trog
Vehumet
Xom
Yredelemnul
Zin
The Shining One

Shops:
D:5 =   D:7 [

Annotations:
D:8 kalagan's ghost, novice DECj


Innate Abilities, Weirdness & Mutations

You cannot wear most types of armour.
You are very stealthy in the water. (Stealth+)
You are amphibious.
You can wear up to eight rings at the same time.
You can use your tentacles to constrict eight enemies at once.
Your skin changes colour to match your surroundings (Stealth+).
Your rubbery body absorbs attacks. (AC +1, EV +1)


Message History

The death yak is lightly wounded.
The death yak gores you!!
* * * LOW HITPOINT WARNING * * *
It was a potion of curing.
You feel better. The death yak gores you.
* * * LOW HITPOINT WARNING * * *
Okay, then.
Casting: Blink (safe; 2% risk of failure)
Confirm with . or Enter, or press ? or * to list all spells.
Aiming: Teleport Other (dangerous; 4% risk of failure)
Press: ? - help, Shift-Dir - straight line, f - death yak
Aim: a death yak (lightly wounded, umbra, chance to affect: 5%)
The death yak resists with almost no effort.
The death yak gores you!
* * * LOW HITPOINT WARNING * * *
You hit the death yak but do no damage.
The death yak is lightly wounded.
You barely miss the death yak.
The death yak is lightly wounded.
The death yak gores you!
You die...

###########
###########
..........#
#.........#
..........#
#.........#
..........#
#.........#
..........#
#.........#
..........#
#.......).#
..........#
#.........#
..........#
#..@....(.#
..........#
#...Y.....#
..........#
#........)#
..........#
#.........#
.....######
#.....#####
.....#
#.....#
.....#
#.....#
.....#
#.....#####
.....#
#.####....#


You could see a death yak.

Vanquished Creatures
  Pikel (D:9)
  Maggie (D:6)
  Grinder (D:5)
  Sigmund (D:3)
  Eustachio (D:5)
  A steam dragon (D:7)
  An orc warrior (D:9)
  A sky beast (D:8)
  An ice beast (D:8)
  3 phantoms (D:8)
  4 ogres
  A centaur (D:6)
  4 bullfrogs
  Blork the orc (D:6)
  2 big kobolds
  2 scorpions
  3 killer bees (D:7)
  2 howler monkeys
  2 wights (D:8)
  A hound (D:7)
  A quasit (D:8)
  2 jellies
  7 orc priests
  10 orc wizards
  Ijyb (D:4)
  2 iguanas (D:7)
  A hell rat (D:9)
  7 worker ants
  2 hound skeletons
  A worker ant zombie (D:8)
  9 gnolls
  10 adders
  A river rat (D:9)
  3 shadow imps
  2 white imps
  3 ufetubi
  An adder skeleton (D:6)
  3 worms
  3 dart slugs
  5 leopard geckos
  21 orcs
  8 giant cockroaches
  7 goblins
  7 hobgoblins
  4 jackals (D:2)
  19 kobolds
  2 quokkas
  A ball python (D:1)
  8 bats
  10 frilled lizards
  13 rats
208 creatures vanquished.

Vanquished Creatures (others)
  7 fungi (D:4)
  3 plants (D:4)
  A withered plant (D:3)
11 creatures vanquished.

Grand Total: 219 creatures vanquished

Notes
Turn   | Place    | Note
-------+----------+-------------------------------------------
     0 | D:1      | Kukuleta the Octopode Warper began the quest for the Orb.
     0 | D:1      | Reached XP level 1. HP: 14/14 MP: 3/3
    68 | D:1      | Reached skill level 1 in Stealth
    69 | D:1      | Reached XP level 2. HP: 19/19 MP: 5/5
    97 | D:1      | Learned a level 2 spell: Blink
   329 | D:1      | Reached skill level 2 in Stealth
   496 | D:1      | Reached XP level 3. HP: 24/24 MP: 6/6
   524 | D:1      | Learned a level 3 spell: Gell's Gravitas
  1135 | D:2      | Reached skill level 3 in Stealth
  1192 | D:2      | Reached XP level 4. HP: 29/29 MP: 7/7
  1381 | D:2      | You fall into a shaft and drop 1 floor!
  1449 | D:3      | Found an ancient bone altar of Kikubaaqudgha.
  2193 | D:2      | Noticed a moth of wrath
  2196 | D:2      | Found a bloodstained altar of Trog.
  2547 | D:2      | Reached XP level 5. HP: 17/34 MP: 8/8
  2671 | D:2      | Reached skill level 4 in Stealth
  3121 | D:3      | Learned a level 3 spell: Teleport Other
  3291 | D:3      | Found a faded altar of an unknown god.
  3295 | D:3      | Noticed Sigmund
  3301 | D:3      | Killed Sigmund
  3302 | D:3      | Reached skill level 5 in Stealth
  3302 | D:3      | Reached XP level 6. HP: 36/39 MP: 9/9
  3681 | D:4      | Found a blossoming altar of Fedhas.
  3893 | D:4      | Found a sacrificial altar of Ru.
  4212 | D:4      | Noticed Ijyb
  4231 | D:4      | Killed Ijyb
  4232 | D:4      | Reached XP level 7. HP: 45/45 MP: 10/10
  4359 | D:4      | Reached skill level 6 in Stealth
  4450 | D:4      | Found a burning altar of Makhleb.
  4947 | D:5      | Entered Level 5 of the Dungeon
  5164 | D:5      | Reached XP level 8. HP: 46/52 MP: 11/11
  5302 | D:5      | Reached skill level 5 in Translocations
  5459 | D:5      | Reached skill level 7 in Stealth
  5588 | D:5      | Noticed Eustachio
  5621 | D:5      | Killed Eustachio
  5674 | D:5      | Reached skill level 5 in Dodging
  5683 | D:5      | Noticed Grinder
  5781 | D:5      | Paralysed by Grinder for 4 turns
  5786 | D:5      | Killed Grinder
  5787 | D:5      | Reached skill level 5 in Short Blades
  5896 | D:5      | Found Ceavois's Jewellery Shoppe.
  5899 | D:5      | Bought an uncursed ring of stealth for 175 gold pieces
  6218 | D:6      | Found a staircase to the Ecumenical Temple.
  6230 | D:6      | Noticed Maggie
  6231 | Temple   | Entered the Ecumenical Temple
  6254 | Temple   | Became a worshipper of Dithmenos the Shadowed
  6332 | D:5      | Reached skill level 8 in Stealth
  6509 | D:6      | Killed Maggie
  6510 | D:6      | Reached XP level 9. HP: 15/59 MP: 12/12
  6700 | D:6      | Noticed Blork the orc
  7120 | D:6      | Killed Blork the orc
  7168 | D:7      | Found Zebras's Armour Shop.
  7285 | D:7      | Reached skill level 5 in Fighting
  7293 | D:7      | Reached * piety under Dithmenos
  7516 | D:7      | Reached skill level 9 in Stealth
  8027 | D:8      | Learned a level 4 spell: Passage of Golubria
  8180 | D:8      | Found a radiant altar of Vehumet.
  8293 | D:8      | Reached ** piety under Dithmenos
  8294 | D:8      | Reached XP level 10. HP: 46/68 MP: 13/13
  8722 | D:8      | Found a runed translucent door.
  8722 | D:8      | Found a shimmering altar of Xom.
  8722 | D:8      | Noticed a +2 mace of chaos
  8722 | D:8      | Noticed kalagan's ghost (novice DECj)
  8829 | D:8      | Reached skill level 10 in Stealth
  9221 | D:8      | HP: 1/65 [+2 mace of chaos (5)]
  9380 | D:9      | Noticed a death yak
  9384 | D:9      | Noticed a death yak
  9398 | D:9      | Found a stormy altar of Qazlal.
  9405 | D:9      | Noticed a death yak
  9480 | D:9      | HP: 3/65 [death yak (12)]
  9481 | D:9      | Found a broken altar of Ashenzari.
  9704 | D:9      | Found a staircase to the Lair.
  9813 | D:9      | HP: 2/66 [death yak (26)]
  9893 | D:9      | Noticed Pikel
  9910 | D:9      | Killed Pikel
  9928 | D:9      | Reached *** piety under Dithmenos
 10031 | D:8      | Slain by a death yak

Illustrated notes

Levels and vault maps discovered:
D:1:      enne_arrival_octagon_isle, layout_loops_ring
D:2:      layout_basic, tgw_trog, hangedman_feature_mirror
D:3:      layout_loops_ring, kiku_gazebo_garden_becter,
          chequers_ecumenical_altar_twisty, kennysheep_generic_room_10,
          uniq_sigmund
D:4:      layout_basic, general_overflow_altar, lemuel_doored_altar,
          fedhas_altar_3, uniq_ijyb
D:5:      layout_loops_ring, serial_shops, kennysheep_mini_moat,
          kennysheep_cross_room, uniq_grinder, uniq_eustachio
D:6:      layout_basic, minmay_temple_entry_purple_smoke, corner_web_ring,
          minivault_19, minmay_holes, uniq_maggie, uniq_blork_the_orc
D:7:      layout_basic, serial_shops, shop
D:8:      layout_gridville, ebering_ghost_xom, minmay_ruined_shrine
D:9:      layout_rooms, ashenzari_altar_1, lemuel_crystal_altar,
          dpeg_lair_monsters, uniq_pikel, uniq_erolcha
Temple:   regret_index_temple_waves

Skill      XL: |  1  2  3  4  5  6  7  8  9 10 |
---------------+-------------------------------+-----
Stealth        | 1 2 3 5 6 8 9 10 | 10.4
Dodging        | 3 4 5 6 7 |  7.2
Short Blades   | 3 4 5 6 7 |  7.1
Translocations | 4 6 |  6.6
Fighting       | 3 4 5 6 |  6.5
Throwing       | |  1.0
Spellcasting   | |  2.0

Action                   |  1- 3 |  4- 6 |  7- 9 | 10-12 || total
-------------------------+-------+-------+-------+-------++-------
Melee: Short sword       |    69 |       |       |       ||    69
       Constrict         |    18 |    30 |    53 |    23 ||   124
       Tentacles         |    13 |    25 |   116 |    63 ||   217
       Dagger            |    13 |   148 |   435 |   194 ||   790
 Cast: Gell's Gravitas   |     3 |       |     1 |       ||     4
       Blink             |     1 |     1 |     3 |    19 ||    24
       Teleport Other    |       |     1 |     4 |     4 ||     9
       Passage of Golubr |       |       |     1 |       ||     1
  Use: Scroll            |       |     3 |     4 |     2 ||     9
       Potion            |       |       |     3 |     6 ||     9
 Stab: Sleeping          |    10 |    15 |    20 |     5 ||    50
       Distracted        |     1 |       |       |     1 ||     2
Armor: Skin              |     7 |    18 |    49 |    26 ||   100
Dodge: Dodged            |    40 |    64 |   250 |   161 ||   515
